 Dungeon Crawl Stone Soup version 0.28.0-43-g3370ac3207 (webtiles) character file.

Game seed: 3874664414386804939

159 terff the Skirmisher (level 5, -3/41 HPs)
             Began as a Human Fighter on Mar 24, 2022.
             Slain by a gnoll
             ... wielding a +0 halberd
              (11 damage)
             ... on level 4 of the Dungeon.
             The game lasted 00:06:10 (3363 turns).

terff the Skirmisher (Human Fighter)                Turns: 3363, Time: 00:06:11

Health: -3/41      AC: 11    Str: 16    XL:     5   Next: 68%
Magic:  5/5        EV:  7    Int:  9    God:
Gold:   150        SH:  5    Dex: 18    Spells: 4/4 levels left

rFire   + . .      SeeInvis .   n - +4 flail of Bloodstone {flame, Fly rC+ Dex+4}
rCold   + . .      Faith    .   c - +0 buckler
rNeg    . . .      Spirit   .   e - +0 chain mail
rPois   .          Reflect  .   (no helmet)
rElec   .          Harm     .   i - +0 cloak
rCorr   .          Rampage  .   (no gloves)
Will    .....                   l - +0 pair of boots
Stlth   ..........              (no amulet)
HPRegen 0.13/turn               p - ring of protection from fire
MPRegen 0.09/turn               (no ring)

@: mighty, flying
A: no striking features
a: no special abilities


You were on level 4 of the Dungeon.
You visited 1 branch of the dungeon, and saw 4 of its levels.

You collected 150 gold pieces.

Inventory:

Hand Weapons
 a - a +1 long sword
 n - the +4 flail of Bloodstone (weapon) {flame, Fly rC+ Dex+4}
   (You found it on level 2 of the Dungeon)

   It burns those it strikes, dealing additional fire damage.
   Dex:       It affects your dexterity (+4).
   rC:        It protects you from cold.
   Fly:       It grants you flight.
Armour
 b - a +0 scale mail
 c - a +0 buckler (worn)
 e - a +0 chain mail (worn)
 i - a +0 cloak (worn)
 l - a +0 pair of boots (worn)
Jewellery
 p - a ring of protection from fire (left hand)
Wands
 m - a wand of mindburst (9)
Scrolls
 j - 2 scrolls of teleportation
 s - 2 scrolls of identify
 u - a scroll of fog {unknown}
Potions
 f - 2 potions of degeneration
 g - a potion of heal wounds {unknown}
 h - a potion of cancellation {unknown}
 k - a potion of flight {unknown}
 o - 2 potions of ambrosia {unknown}
 q - a potion of brilliance {unknown}
 r - a potion of mutation {unknown}
 t - a potion of resistance {unknown}


   Skills:
 + Level 3.6 Fighting
 - Level 3.0 Long Blades
 * Level 1.8 Maces & Flails
 + Level 3.5 Armour
 * Level 1.9 Dodging
 + Level 3.4 Shields


You had 4 spell levels left.
You didn't know any spells.
Your spell library was empty.

Dungeon Overview and Level Annotations

Branches:
Dungeon (3/15)

Altars:

Shops:
D:2 *

Portals:
Ossuary: D:4


Message History

You reach down and open the door.
There is an open door here.
A giant cockroach comes into view.
You reach down and open the door.
The giant cockroach barely misses you.
There is an open door here.
The giant cockroach bites you.
You sock the giant cockroach! You burn the giant cockroach.
You kill the giant cockroach! 2 gnolls come into view.
The gnoll shouts! x2
The gnoll moves out of view.
You see here a giant cockroach corpse.
The gnoll throws a throwing net.
You block the throwing net.
You see here a throwing net.
A gnoll comes into view. It is wielding a +0 halberd.
The gnoll shouts!
You reach down and open the door.
Found a sand-covered staircase.
There is an open door here.
The gnoll hits you with a +0 flail!
There is an open door, spattered with blood here.
You hit the gnoll. You burn the gnoll.
The gnoll is heavily wounded.
The gnoll hits you with a +0 flail.
You sock the gnoll! You burn the gnoll.
You kill the gnoll!
The gnoll hits you from afar with a +0 halberd!
The gnoll hits you but does no damage.
The gnoll hits you from afar with a +0 halberd!
* * * LOW HITPOINT WARNING * * *
You block the gnoll's attack.
You feel very mighty all of a sudden.
The gnoll hits you from afar with a +0 halberd.
* * * LOW HITPOINT WARNING * * *
The gnoll hits you but does no damage.
You closely miss the gnoll.
The gnoll is heavily wounded.
The gnoll hits you from afar with a +0 halberd!
You die...

.... ##### g... ###
#...# ..... .##..
+.∩.+ ....#
......#...#.....#
......##@##.....#
#.....)gg.....#
.##..##'#.##.....
.....##.†(####+#....#
...........#...+....#
.##..##....#...#....#
#..##....#...#....#
#........#...#....#
#..##...##...#....#


You could see 2 gnolls.

Vanquished Creatures
  Robin (D:2)
  3 adders (D:2)
  2 gnolls
  A white imp (D:3)
  4 worms
  An orc (D:3)
  6 endoplasms
  4 giant cockroaches
  10 goblins
  12 hobgoblins
  3 jackals (D:1)
  3 kobolds
  3 quokkas
  4 ball pythons
  3 bats
  12 frilled lizards
  7 rats
79 creatures vanquished.

Vanquished Creatures (others)
  7 plants (D:1)
  4 toadstools (D:1)
11 creatures vanquished.

Grand Total: 90 creatures vanquished

Notes
Turn   | Place    | Note
-------+----------+-------------------------------------------
     0 | D:1      | terff the Human Fighter began the quest for the Orb.
     0 | D:1      | Reached XP level 1. HP: 18/18 MP: 1/1
   236 | D:1      | Reached XP level 2. HP: 24/24 MP: 2/2
   856 | D:1      | Reached XP level 3. HP: 28/29 MP: 3/3
  1510 | D:2      | Reached XP level 4. HP: 21/35 MP: 4/4
  1752 | D:2      | Reached skill level 1 in Dodging
  1872 | D:2      | Found Baikh's General Store.
  1877 | D:2      | Identified the +4 flail of Bloodstone {flame, Fly rC+
                  | Dex+4}
  1892 | D:2      | Noticed Robin
  2190 | D:2      | Killed Robin
  2333 | D:2      | Reached XP level 5. HP: 39/41 MP: 5/5
  2506 | D:3      | Reached skill level 1 in Maces & Flails
  3326 | D:3      | You are sucked into a shaft and drop 1 floor!
  3356 | D:4      | Found a sand-covered staircase.
  3363 | D:4      | Slain by a gnoll

Illustrated notes

Levels and vault maps discovered:
D:1:      ldierk_walled_garden_2, layout_basic, minmay_lizard_king
D:2:      layout_rooms, serial_shops, nicolae_diamond_shop, kennysheep_doodads,
          uniq_robin
D:3:      layout_loops_corners, minmay_fractal_squares_diagonal_5
D:4:      layout_gridville, mainiacjoe_overflow_tiny_flanked, enter_ossuary_2

Skill      XL: |  1  2  3  4  5 |
---------------+----------------+-----
Dodging        | 1 |  1.9
Long Blades    | 3 |  3.0
Maces & Flails | 1 |  1.8
Fighting       | |  3.6
Armour         | |  3.5
Shields        | |  3.4

Action                   |  1- 3 |  4- 6 || total
-------------------------+-------+-------++-------
Melee: Long sword        |   115 |    23 ||   138
       Flail             |       |    68 ||    68
  Use: Scroll            |     2 |     3 ||     5
       Potion            |       |     1 ||     1
Armor: Chain mail        |    80 |    75 ||   155
       Scale mail        |     4 |       ||     4
Dodge: Dodged            |    58 |    51 ||   109
Block: Buckler           |    33 |    37 ||    70
